 Dungeon Crawl Stone Soup version 0.24.0-13-gcf9b319 (webtiles) character file.

Game seed: 13016846532127119682, levelgen mode: deterministic

84 Doobh the Insei (level 4, 0/29 HPs)
             Began as an Octopode Transmuter on Dec 31, 2019.
             Slain by Crazy Yiuf
             ... wielding a +2 quarterstaff of chaos
              (9 damage)
             ... on level 2 of the Dungeon.
             The game lasted 00:06:46 (2241 turns).

Doobh the Insei (Octopode Transmuter)               Turns: 2241, Time: 00:06:48

Health: 0/29       AC:  1    Str: 10    XL:     4   Next: 45%
Magic:  8/8        EV: 13    Int: 15    God:
Gold:   108        SH:  0    Dex: 12    Spells: 7/8 levels left

rFire    . . .     SeeInvis .     - Unarmed
rCold    . . .     Gourm    .   (no shield)
rNeg     . . .     Faith    .   (helmet restricted)
rPois    .         Spirit   .   (no amulet)
rElec    .         Reflect  .   (no ring)
rCorr    .         Harm     .   (no ring)
MR       .....                  (no ring)
Stlth    +++.......             (no ring)
HPRegen  0.09/turn              (no ring)
MPRegen  0.11/turn              (no ring)
                                (no ring)
                                (no ring)

@: appendage (expiring)
A: almost no armour, stealthy swim, amphibious, 8 rings, constrict 8, tentacle
spike 3, camouflage 1, gelatinous body 1
a: End Transformation


You were on level 2 of the Dungeon.
You were not hungry.
One of your tentacles had a temporary spike.
You visited 1 branch of the dungeon, and saw 2 of its levels.

You collected 108 gold pieces.

Inventory:

Missiles
 a - 56 arrows
Armour
 i - a +0 helmet
Jewellery
 m - a +5 ring of strength
Scrolls
 f - a scroll of fear {unknown}
 g - a scroll of magic mapping {unknown}
 h - a scroll of teleportation {unknown}
Potions
 b - a potion of heal wounds {unknown}
 d - a potion of resistance {unknown}
 e - a potion of agility {unknown}
 k - a potion of flight {unknown}
 l - a potion of brilliance {unknown}
 n - a potion of haste {unknown}
Comestibles
 c - 4 rations
 j - 3 chunks of flesh


   Skills:
 + Level 1.8 Fighting
 + Level 2.4 Dodging
 + Level 1.8 Stealth
 + Level 3.2 Unarmed Combat
 * Level 2.9 Spellcasting
 + Level 2.4 Transmutations


You had 7 spell levels left.
You knew the following spells:

 Your Spells              Type           Power        Failure   Level  Hunger
a - Beastly Appendage     Tmut           #.....       8%          1    #......

Your spell library contained the following spells:

 Spells                   Type           Power        Failure   Level  Hunger
 Sticks to Snakes         Tmut           #.......     12%         2    ##.....
 Spider Form              Tmut/Pois      #.........   36%         3    ###....
 Ice Form                 Ice/Tmut       #.......     77%         4    #####..
 Blade Hands              Tmut           #.........   91%         5    ######.


Dungeon Overview and Level Annotations

Branches:
Dungeon (2/15)

Altars:
Cheibriados
Kikubaaqudgha
Qazlal
Ru

Annotations:
D:2 Crazy Yiuf


Innate Abilities, Weirdness & Mutations

You cannot wear most types of armour.
You are very stealthy in the water. (Stealth+)
You are amphibious.
You can wear up to eight rings at the same time.
You can use your tentacles to constrict eight enemies at once.
Your skin changes colour to match your surroundings (Stealth+).
Your rubbery body absorbs attacks. (AC +1, EV +1)
One of your tentacles bears a large vicious spike.


Message History

Your transformation is almost over.
You constrict Crazy Yiuf. Crazy Yiuf closely misses you.
You tentacle-slap Crazy Yiuf.
You squeeze Crazy Yiuf, but do no damage.
Crazy Yiuf is heavily wounded.
You constrict Crazy Yiuf.
Crazy Yiuf hits you with a +2 quarterstaff of chaos!
Crazy Yiuf burns you.
You tentacle-slap Crazy Yiuf.
You pierce Crazy Yiuf, but do no damage.
Your tentacle-slap misses Crazy Yiuf.
Crazy Yiuf is severely wounded.
You constrict Crazy Yiuf. Crazy Yiuf barely misses you.
You tentacle-slap Crazy Yiuf but do no damage.
Your tentacle spike misses Crazy Yiuf.
Crazy Yiuf is severely wounded.
You constrict Crazy Yiuf.
Crazy Yiuf screams, "Cake sing tortoise!"
Crazy Yiuf hits you with a +2 quarterstaff of chaos!
You die...

#.# #..#.#
#....# #.
#.# #...##
#....# ##
#.# ##.##
#.(..#####
# #.# #.##
#........#
# ..# ##.#
#....###.#
# ### #.##
####.#<# #
##.# #.#.#
##'## #...#
#.@.#
#........#
#.g.#
#........#
#..)#
#.......##
#####
##.########
#. .......
#. .......
#####..#
#[$?#...
#[[$#...


You could see Crazy Yiuf.

Vanquished Creatures
  2 adders (D:2)
  2 oozes
  A worm (D:2)
  6 dart slugs
  A leopard gecko (D:2)
  3 giant cockroaches (D:1)
  4 hobgoblins
  6 kobolds
  A quokka (D:2)
  6 bats
  2 frilled lizards (D:1)
  3 goblins (D:1)
  6 rats
43 creatures vanquished.

Notes
Turn   | Place    | Note
-------+----------+-------------------------------------------
     0 | D:1      | Doobh the Octopode Transmuter began the quest for the Orb.
     0 | D:1      | Reached XP level 1. HP: 13/13 MP: 3/3
   100 | D:1      | Reached XP level 2. HP: 15/18 MP: 1/5
   642 | D:1      | Reached skill level 1 in Stealth
  1054 | D:1      | Reached XP level 3. HP: 23/23 MP: 4/6
  1662 | D:2      | Found a snail-covered altar of Cheibriados.
  1850 | D:2      | Reached XP level 4. HP: 22/29 MP: 6/8
  1859 | D:2      | Found a stormy altar of Qazlal.
  2055 | D:2      | Found an ancient bone altar of Kikubaaqudgha.
  2172 | D:2      | Found a sacrificial altar of Ru.
  2229 | D:2      | Found a runed translucent door.
  2230 | D:2      | Noticed Crazy Yiuf
  2241 | D:2      | Slain by Crazy Yiuf

Levels and vault maps discovered:
D:1:      kennysheep_arrival_seaside, layout_basic, nrook_uturn
D:2:      layout_basic, nicolae_qazlal_general_emergency, lemuel_round_altar,
          lemuel_crystal_altar, serial_glass, glass_columns_a, glass_columns_a,
          due_unseen_surprise, item_on_display_a, first_ration,
          chequers_serial_rivers_marsh, kennysheep_slug_shrine,
          uniq_crazy_yiuf_cottage

Skill      XL: |  1  2 |
---------------+-------+-----
Stealth        | 1 |  1.8
Fighting       | |  1.8
Dodging        | |  2.4
Unarmed Combat | |  3.2
Spellcasting   | |  2.9
Transmutations | |  2.4

Action                   |  1- 3 |  4- 6 || total
-------------------------+-------+-------++-------
Melee: Unarmed           |    78 |    23 ||   101
       Constrict         |    23 |     6 ||    29
       Kick              |    15 |     8 ||    23
       Tentacles         |    12 |     5 ||    17
       Punch             |     1 |       ||     1
 Cast: Beastly Appendage |    20 |     6 ||    26
 Stab: Sleeping          |     6 |     4 ||    10
  Eat: Chunk             |     3 |     1 ||     4
Armor: Skin              |     8 |     1 ||     9
Dodge: Dodged            |    46 |    10 ||    56
